 Dungeon Crawl Stone Soup version 0.29.0-11-gd7f09526c8 (webtiles) character file.

Game seed: 6952613090473680313

2907 Flugkiller the Cleaver (level 9, 0/82 HPs)
             Began as a Minotaur Fighter on Sept 4, 2022.
             Was an Initiate of Okawaru.
             Slain by an orc warrior
             ... wielding a +0 mace
              (15 damage)
             ... on level 7 of the Dungeon.
             The game lasted 00:03:32 (7639 turns).

Flugkiller the Cleaver (Minotaur Fighter)           Turns: 7639, Time: 00:03:33

Health: 0/82       AC: 17    Str: 21    XL:     9   Next: 49%
Magic:  8/8        EV:  6    Int:  5    God:    Okawaru [......]
Gold:   269        SH:  5    Dex: 14    Spells: 8/8 levels left

rFire   . . .      SeeInvis .   a - +0 war axe
rCold   . . .      Faith    .   c - +0 buckler
rNeg    . . .      Spirit   .   E - +0 plate armour
rPois   .          Reflect  .   (helmet restricted)
rElec   .          Harm     .   (no cloak)
rCorr   .          Rampage  .   (no gloves)
Will    .....                   y - +2 pair of boots
Stlth   ..........              B - amulet of the acrobat
HPRegen 0.23/turn               (no ring)
MPRegen 0.11/turn               (no ring)

@: no status effects
A: horns 2, retaliatory headbutt
a: Renounce Religion


You were on level 7 of the Dungeon.
You worshipped Okawaru.
Okawaru was noncommittal.
You visited 2 branches of the dungeon, and saw 8 of its levels.
You also visited: Sewer.

You collected 349 gold pieces.
You spent 80 gold pieces at shops.

Inventory:

Hand Weapons
 a - a +0 war axe (weapon)
Missiles
 o - 8 boomerangs (quivered)
Armour
 b - a +0 scale mail
 c - a +0 buckler (worn)
 y - a +2 pair of boots (worn)
   (You found it on level 4 of the Dungeon)
 E - a +0 plate armour (worn)
   (You found it on level 7 of the Dungeon)
Jewellery
 k - a ring of resist corrosion
   (You found it on level 7 of the Dungeon)
 l - an amulet of magic regeneration
   (You found it on level 5 of the Dungeon)
 m - an amulet of guardian spirit
   (You found it on level 6 of the Dungeon)
 B - an amulet of the acrobat (around neck)
   (You found it on level 1 of the Dungeon)
Wands
 i - a wand of paralysis (8)
   (You found it on level 5 of the Dungeon)
Scrolls
 e - a scroll of noise {unknown}
 f - 2 scrolls of fog {unknown}
 g - 4 scrolls of immolation
 j - a scroll of blinking {unknown}
 n - a scroll of torment {unknown}
 r - a scroll of identify
 t - 5 scrolls of teleportation
 u - 3 scrolls of brand weapon {unknown}
 A - a scroll of silence {unknown}
 D - 2 scrolls of enchant armour
Potions
 d - a potion of might
 h - 4 potions of haste
 p - a potion of resistance {unknown}
 q - a potion of curing
 s - 2 potions of cancellation {unknown}
 v - a potion of ambrosia {unknown}
 w - 3 potions of heal wounds
 x - 3 potions of flight {unknown}
 z - 2 potions of attraction
 C - a potion of degeneration {unknown}


   Skills:
 + Level 8.7 Fighting
 * Level 11.4 Axes
 + Level 8.7 Armour
 - Level 3.6 Shields


You had 8 spell levels left.
You didn't know any spells.
Your spell library was empty.

Dungeon Overview and Level Annotations

Branches:
Dungeon (7/15)             Temple (1/1) D:7           Sewer (visited)

Altars:
Ashenzari
Dithmenos
Elyvilon
Gozag
Hepliaklqana
Makhleb
Okawaru
Ru
Sif Muna
Trog
Uskayaw
Vehumet
Wu Jian
Xom
Yredelemnul

Shops:
D:3 !   D:4 ==(*


Innate Abilities, Weirdness & Mutations

You have a pair of horns on your head.
You reflexively headbutt those who attack you in melee.


Message History

Something hits you but does no damage.
You closely miss the gnoll.
The gnoll is almost dead.
You slash something! Okawaru accepts your kill.
Reactivating autopickup.
You feel a bit more experienced. The gnoll closely misses you.
You slash the gnoll!
You kill the gnoll!
Okawaru accepts your kill.
You see here a +0 spear.
No target in view!
You see here a +0 spear.
You start resting.
An orc warrior comes into view. It is wielding a +0 mace.
An orc warrior is nearby!
An orc warrior is nearby!
An orc warrior is nearby!
The orc warrior shouts!
Things that are here:
a +0 whip; a +0 robe; 14 gold pieces You barely miss the orc warrior.
You closely miss the orc warrior.
The orc warrior hits you but does no damage.
An orc comes into view. It is wielding a +0 club.
An orc comes into view. It is wielding a +0 flail.
An orc priest comes into view. It is wielding a +0 hand axe.
The orc shouts!
You slash the orc warrior!
The orc warrior is moderately wounded.
The orc warrior hits you with a +0 mace!
You hit the orc warrior. Your headbutt misses the orc warrior.
The orc warrior is moderately wounded.
The orc warrior hits you with a +0 mace!
You hit the orc warrior but do no damage.
The orc warrior is moderately wounded.
The orc warrior hits you with a +0 mace.
You are too injured to fight recklessly!
You are too injured to fight recklessly!
You barely miss the orc warrior.
The orc warrior is moderately wounded.
The orc warrior closely misses you. You furiously retaliate!
You headbutt the orc warrior!
You are too injured to fight recklessly!
You hit the orc warrior.
The orc warrior is severely wounded.
You hit the orc. You block the orc warrior's attack.
You block the orc's attack.
You hit the orc warrior but do no damage.
Your headbutt misses the orc warrior.
The orc warrior is severely wounded.
You slash the orc!
You kill the orc!
Okawaru accepts your kill.
You hit the orc. You block the orc's attack.
You barely miss the orc priest. You headbutt the orc priest.
The orc priest is moderately wounded.
You slash the orc warrior! You slash the orc!
You kill the orc!
Okawaru accepts your kill.
The orc warrior hits you but does no damage.
The orc priest hits you but does no damage.
You hit the orc warrior but do no damage.
The orc warrior is almost dead.
You closely miss the orc priest.
The orc warrior hits you with a +0 mace.
The orc priest hits you but does no damage.
You are too injured to fight recklessly!
You completely miss the orc warrior. Your headbutt misses the orc warrior.
The orc warrior is almost dead.
You hit the orc priest.
The orc warrior hits you with a +0 mace.
The orc priest hits you but does no damage.
You are too injured to fight recklessly!
You hit the orc warrior. Your headbutt misses the orc warrior.
The orc warrior is almost dead.
You closely miss the orc priest.
The orc warrior hits you with a +0 mace.
The orc priest calls upon Beogh to heal the orc warrior.
The orc warrior is healed somewhat.
You barely miss the orc priest. You headbutt the orc priest.
The orc priest is severely wounded.
You hit the orc warrior. You block the orc warrior's attack.
The orc priest calls down the wrath of Beogh upon you.
Pain shoots through your body!
* * * LOW HITPOINT WARNING * * *
You slash the orc priest!
You kill the orc priest!
Okawaru accepts your kill.
You hit the orc warrior. The orc warrior closely misses you.
You closely miss the orc warrior.
The orc warrior is almost dead.
You closely miss the orc warrior.
You headbutt the orc warrior, but do no damage.
The orc warrior is almost dead.
The orc warrior hits you but does no damage.
You hit the orc warrior but do no damage.
The orc warrior is almost dead.
The orc warrior hits you with a +0 mace!
You die...

.....##.###............##
....P#...#P............#
.......>...........$...#
...#P#...#P............#
#######.##.......).....#
......P.P.........)...##
######...........)....#
####........)....#
#......@o....#
#.....)))...##
#...........#
##.......#### ####..###
##. #. ..


You could see an orc warrior.

Vanquished Creatures
  Pikel (D:5)
  Grinder (D:3)
  A wyvern (D:7)
  Eustachio (D:5)
  Menkaure (D:7)
  Edmund (D:5)
  A water moccasin (D:7)
  Duvessa (D:4)
  4 black bears
  A sky beast (D:7)
  2 ogres
  A centaur (D:5)
  A lemure (D:5)
  A bullfrog (D:7)
  4 wights (D:4)
  Dowan (D:4)
  A hound (D:5)
  An orc priest (D:7)
  A gnoll bouda (D:7)
  Ijyb (D:4)
  Natasha (thrice) (D:2)
  2 iguanas (D:6)
  3 orc wizards
  10 adders
  7 gnolls
  2 shadow imps (D:7)
  3 worms
  5 dart slugs
  21 orcs
  5 endoplasms
  5 giant cockroaches
  6 goblins
  4 hobgoblins
  7 kobolds
  6 quokkas
  10 ball pythons
  3 bats
  2 frilled lizards
  4 rats
135 creatures vanquished.

Vanquished Creatures (others)
  2 plants (D:3)
2 creatures vanquished.

Grand Total: 137 creatures vanquished

Notes
Turn   | Place    | Note
-------+----------+-------------------------------------------
     0 | D:1      | Flugkiller the Minotaur Fighter began the quest for the
                  | Orb.
     0 | D:1      | Reached XP level 1. HP: 19/19 MP: 0/0
   263 | D:1      | Reached skill level 3 in Axes
   263 | D:1      | Reached XP level 2. HP: 23/27 MP: 1/1
   405 | D:1      | Found a faded altar of an unknown god.
  1042 | D:2      | Reached XP level 3. HP: 33/33 MP: 2/2
  1367 | D:2      | Noticed Natasha
  1370 | D:2      | Killed Natasha
  1371 | D:2      | Reached skill level 4 in Axes
  1456 | D:2      | Noticed Natasha
  1467 | D:2      | Killed Natasha
  1468 | D:2      | Reached XP level 4. HP: 24/41 MP: 3/3
  1795 | D:2      | Noticed Natasha
  1799 | D:2      | Killed Natasha
  2184 | D:3      | Noticed Grinder
  2187 | D:3      | Paralysed by Grinder for 4 turns
  2202 | D:3      | Killed Grinder
  2203 | D:3      | Reached skill level 5 in Fighting
  2203 | D:3      | Reached skill level 5 in Axes
  2203 | D:3      | Reached skill level 5 in Armour
  2203 | D:3      | Reached XP level 5. HP: 26/48 MP: 4/4
  2203 | D:3      | Reached XP level 6. HP: 30/56 MP: 5/5
  2431 | D:3      | Reached skill level 6 in Axes
  2678 | D:3      | Found a radiant altar of Vehumet.
  2703 | D:3      | Found a white marble altar of Elyvilon.
  2814 | D:3      | Found Umpi Xea's Distillery.
  2817 | D:3      | Bought a potion of heal wounds for 50 gold pieces
  2817 | D:3      | Bought a potion of curing for 30 gold pieces
  2957 | D:4      | Found Ufismary's Jewellery Shoppe.
  2995 | D:4      | Noticed Duvessa
  2996 | D:4      | Noticed Dowan
  3003 | D:4      | Killed Duvessa
  3013 | D:4      | Killed Dowan
  3254 | D:4      | Found Buudunuh's Jewellery Shop.
  3311 | D:4      | Reached XP level 7. HP: 53/62 MP: 6/6
  3504 | D:4      | Found Ynorib's Weapon Boutique.
  3549 | D:4      | Found a bloodstained altar of Trog.
  3561 | D:4      | Reached skill level 7 in Axes
  3637 | D:4      | Noticed Ijyb
  3645 | D:4      | Killed Ijyb
  4111 | D:4      | Found a hide-covered altar of Uskayaw.
  4145 | D:4      | Reached skill level 8 in Axes
  4438 | D:4      | Found Suposocuv's General Store.
  4561 | D:4      | Reached XP level 8. HP: 53/70 MP: 7/7
  4792 | D:5      | Entered Level 5 of the Dungeon
  4863 | D:5      | Noticed Pikel
  5027 | D:5      | Killed Pikel
  5028 | D:5      | Reached skill level 9 in Axes
  5385 | D:5      | Noticed Eustachio
  5415 | D:5      | Killed Eustachio
  5655 | D:5      | Noticed Edmund
  5674 | D:5      | Killed Edmund
  5675 | D:5      | Reached skill level 10 in Axes
  6216 | D:6      | Found a glowing drain.
  6236 | D:6      | Reached XP level 9. HP: 78/81 MP: 8/8
  6243 | Sewer    | Entered a sewer
  6943 | D:7      | Noticed Menkaure
  6950 | D:7      | Killed Menkaure
  6951 | D:7      | Reached skill level 11 in Axes
  7313 | D:7      | Found a staircase to the Ecumenical Temple.
  7332 | Temple   | Entered the Ecumenical Temple
  7375 | Temple   | Became a worshipper of Warmaster Okawaru
  7639 | D:7      | Slain by an orc warrior

Illustrated notes

Levels and vault maps discovered:
D:1:      sevenhm_arrival_forest_fort_small_6, layout_loops_corners,
          hellmonk_ecumenical_altar_blasted
D:2:      layout_basic, uniq_natasha
D:3:      layout_rooms, mainiacjoe_overflow_swirl, serial_shops,
          nicolae_shop_behind_doors, minmay_misc_feat_diagonals,
          corexii_item_surrounded_by_moat, dk_noncrumbling_4,
          serial_bayou_pond_c, st_stairs_10, uniq_grinder
D:4:      layout_layer_cave, trog_ov_bears_minmay,
          mainiacjoe_overflow_cross_hatched, serial_shops, shop, shop,
          shop_statue, nicolae_shop_advertising_works
          [nicolae_subvault_shop_adworks], uniq_duvessa, uniq_ijyb
D:5:      layout_loops_ring, lemuel_flamethrower_2, uniq_eustachio, uniq_edmund,
          uniq_pikel
D:6:      layout_cave_pools, gup_sewer_entry_glass
D:7:      layout_cave_pods, nicolae_tso_carved_into_rock,
          minmay_temple_entry_gardened_gates, grunt_decor_one_mirror,
          uniq_menkaure
Temple:   nicolae_temple_bog_church

Skill      XL: |  1  2  3  4  5  6  7  8  9 |
---------------+----------------------------+-----
Axes           | 3 4 5 6 8 10 11 | 11.4
Fighting       | 4 5 6 7 8 |  8.7
Armour         | 4 5 6 7 8 |  8.7
Shields        | |  3.6

Action                   |  1- 3 |  4- 6 |  7- 9 || total
-------------------------+-------+-------+-------++-------
Melee: War axe           |    82 |    82 |   242 ||   406
       Headbutt          |    10 |    14 |    43 ||    67
  Use: Potion            |       |     4 |     3 ||     7
       Scroll            |       |       |     6 ||     6
Armor: Scale mail        |    36 |    25 |   101 ||   162
       Skin              |       |       |    15 ||    15
       Plate armour      |       |       |    36 ||    36
Dodge: Dodged            |    39 |    36 |   132 ||   207
Block: Buckler           |    11 |    22 |    71 ||   104
